 Dungeon Crawl Stone Soup version 0.27-a0-1456-gf5a1169 (webtiles) character file.

Game seed: 17386478541696046109

1211 Meow the Fighter (level 8, -2/75 HPs)
             Began as a Ghoul Ice Elementalist on July 5, 2021.
             Was an Initiate of Gozag.
             Slain by an orc (3 damage)
             ... on level 6 of the Dungeon.
             The game lasted 00:20:31 (6452 turns).

Meow the Fighter (Ghoul Ice Elementalist)           Turns: 6452, Time: 00:20:32

Health: -2/75      AC: 14    Str: 12    XL:     8   Next: 46%
Magic:  7/13       EV: 12    Int: 12    God:    Gozag
Gold:   633        SH:  0    Dex:  9    Spells: 4/15 levels left

rFire    + . .     SeeInvis .   l - +1 short sword (protect)
rCold    + . .     Faith    .   (no shield)
rNeg     + + +     Spirit   .   o - +2 animal skin
rPois    ∞         Reflect  .   p - +1 helmet of Crawling {Fly}
rElec    .         Harm     .   (no cloak)
rCorr    .         Rampage  .   v - +0 pair of gloves
Will     .....                  (no boots)
Stlth    ++........             (no amulet)
HPRegen  0.00/turn              b - ring of protection from fire
MPRegen  0.13/turn              (no ring)

@: under a protective aura, flying, mesmerised
A: claws 1, cold resistance 1, negative energy resistance 3, inhibited
regeneration, torment resistance 2
a: Renounce Religion, Potion Petition, Call Merchant, Bribe Branch


You were on level 6 of the Dungeon.
You worshipped Gozag.
Gozag was pleased with you.
You visited 2 branches of the dungeon, and saw 7 of its levels.

You collected 679 gold pieces.
You paid 46 gold pieces to Gozag.

Inventory:

Hand Weapons
 a - a +0 falchion
 l - a +1 short sword of protection (weapon)
 A - a +0 hand crossbow
Missiles
 c - 11 poisoned darts
 d - 110 stones (quivered)
 e - 2 throwing nets
 i - 49 arrows
 k - 53 bolts
 x - 6 curare-tipped darts
Armour
 g - a +0 buckler
 o - a +2 animal skin (worn)
 p - the +1 helmet of Crawling (worn) {Fly}
   (You took it off Robin on level 2 of the Dungeon)

   Fly:       It grants you flight.
 v - a +0 pair of gloves (worn)
Jewellery
 b - a ring of protection from fire (left hand)
 m - a ring of see invisible
 q - an amulet of the acrobat
 t - an amulet of regeneration
Wands
 h - a wand of polymorph (12)
Scrolls
 f - 2 scrolls of amnesia
 u - 2 scrolls of teleportation
 w - 2 scrolls of fog {unknown}
 y - a scroll of fear {unknown}
Potions
 j - a potion of flight
 n - a potion of might
 r - 3 potions of heal wounds
 s - 2 potions of curing
 z - a potion of ambrosia {unknown}
 B - a potion of lignification {unknown}


   Skills:
 + Level 8.7 Fighting
 - Level 1.7 Dodging
 - Level 2.1 Stealth
 - Level 4.0 Spellcasting
 - Level 6.0 Ice Magic


You had 4 spell levels left.
You knew the following spells:

 Your Spells              Type           Power      Damage    Failure   Level
a - Freeze                Ice            64%        1d8       1%          1
e - Ozocubu's Armour      Ice            16%        N/A       5%          3
f - Frozen Ramparts       Ice            32%        1d5       5%          3
B - Hailstorm             Conj/Ice       9%         3d4       54%         4

Your spell library contained the following spells:

 Spells                   Type           Power      Damage    Failure   Level


Dungeon Overview and Level Annotations

Branches:
Dungeon (6/15)             Temple (1/1) D:4

Altars:
Ashenzari
Cheibriados
Dithmenos
Elyvilon
Fedhas
Gozag
Hepliaklqana
Kikubaaqudgha
Makhleb
Ru
Sif Muna
Uskayaw
Vehumet
Wu Jian
Xom
Yredelemnul
Zin
The Shining One

Shops:
D:2 [   D:5 [

Annotations:
D:6 2 transporters, Bunnehwyld's ghost, novice MfIE; Maggie


Innate Abilities, Weirdness & Mutations

You thrive by killing the living.
You are immune to poison.
You have sharp fingernails.
Your flesh is cold resistant. (rC+)
You are immune to negative energy. (rN+++)
You do not regenerate when monsters are visible.
You are immune to unholy pain and torment.


Message History

The wight hits you with a +3 dagger of freezing.
* * * LOW HITPOINT WARNING * * *
The wight hits you from afar with a +0 spear.
* * * LOW HITPOINT WARNING * * *
The ice beast barely misses you.
You hit the wight but do no damage. The orc wizard casts a spell at you.
You resist with some effort. The wight misses you. The orc misses you.
The orc barely misses you.
The wight hits you with a +3 dagger of freezing.
* * * LOW HITPOINT WARNING * * *
The ice beast barely misses you. The wight closely misses you.
The orc wizard hits you with a +2 dagger of draining.
* * * LOW HITPOINT WARNING * * *
You closely miss the wight. The wight hits you but does no damage.
The orc hits you but does no damage. The orc misses you.
The wight barely misses you.
The ice beast hits you but does no damage.
The wight closely misses you.
The orc wizard hits you but does no damage.
Maggie smiles, but it's obviously fake.
The wight hits you with a +0 mace.
* * * LOW HITPOINT WARNING * * *
You barely miss the wight. The orc hits you but does no damage. x2
The wight hits you but does no damage. The ice beast completely misses you.
The wight hits you but does no damage.
The orc wizard hits you with a +2 dagger of draining.
* * * LOW HITPOINT WARNING * * *
The wight barely misses you. The orc hits you but does no damage.
You barely miss the wight. The orc misses you. The wight closely misses you.
The ice beast closely misses you.
The wight hits you from afar with a +0 spear.
* * * LOW HITPOINT WARNING * * *
The orc wizard points at you and mumbles some strange words.
The magic dart hits you but does no damage.
The wight hits you with a +0 mace.
* * * LOW HITPOINT WARNING * * *
The orc hits you with a +0 dagger.
You die...
Your body crumbles into a pile of gold.

## ..# #.# #.# #z#
#######o######
......@o@z...############
......oozY.....).........
......Zzo................
#######.####.############
#.......##.# #
#.........?# #
#^......#### #.......#
#.......#


You could see Maggie (mesmerising), an ice beast, 4 wights, an orc wizard, 4
orcs and a centaur zombie.

Vanquished Creatures
  A black bear (D:6)
  An orc warrior (D:5)
  A sky beast (D:5)
  2 ogres
  A bullfrog (D:3)
  A scorpion (D:4)
  A wight (D:6)
  A jelly (D:4)
  A centaur skeleton (D:5)
  3 orc priests
  A bullfrog skeleton (D:6)
  2 hounds
  Terence (D:3)
  Jessica (D:2)
  2 iguanas (D:5)
  Ijyb (D:3)
  An orc wizard (D:5)
  A hound skeleton (D:4)
  Robin (D:2)
  A howler monkey zombie (D:5)
  3 gnolls (D:5)
  7 adders
  A dart slug (D:4)
  9 orcs
  A bat (D:3)
  3 endoplasms
  15 goblins
  6 hobgoblins
  15 jackals
  8 kobolds
  3 quokkas
  4 ball pythons
  5 frilled lizards
  5 rats
110 creatures vanquished.

Vanquished Creatures (others)
  A fungus (D:1)
1 creature vanquished.

Grand Total: 111 creatures vanquished

Notes
Turn   | Place    | Note
-------+----------+-------------------------------------------
     0 | D:1      | Meow the Ghoul Ice Elementalist began the quest for the
                  | Orb.
     0 | D:1      | Reached XP level 1. HP: 14/14 MP: 2/2
   206 | D:1      | Found a faded altar of an unknown god.
   384 | D:1      | You fall into a shaft and drop 1 floor!
   409 | D:2      | Identified the +1 helmet of Crawling {Fly}
   409 | D:2      | Noticed Robin
   506 | D:2      | Noticed Jessica
   546 | D:2      | Reached XP level 2. HP: 20/20 MP: 0/4
  1489 | D:2      | Reached XP level 3. HP: 21/26 MP: 1/5
  1543 | D:2      | Learned a level 3 spell: Frozen Ramparts
  1586 | D:2      | Reached skill level 5 in Ice Magic
  1639 | D:2      | Killed Robin
  1656 | D:2      | Noticed an ogre
  1815 | D:3      | Learned a level 3 spell: Ozocubu's Armour
  2110 | D:3      | Noticed a bullfrog
  2117 | D:3      | Killed a bullfrog
  2118 | D:3      | Reached XP level 4. HP: 33/33 MP: 3/7
  2118 | D:3      | Reached XP level 5. HP: 38/38 MP: 3/8
  2125 | D:3      | Noticed Ijyb
  2302 | D:4      | Found a radiant altar of Vehumet.
  2434 | D:4      | Found a staircase to the Ecumenical Temple.
  2577 | Temple   | Entered the Ecumenical Temple
  2668 | Temple   | Became a worshipper of Gozag Ym Sagoz the Greedy
  2700 | D:4      | Found a sacrificial altar of Ru.
  2781 | D:4      | Found a shadowy altar of Dithmenos.
  2781 | D:4      | Found a basalt altar of Yredelemnul.
  2789 | D:4      | Found a snail-covered altar of Cheibriados.
  2794 | D:4      | Found a hide-covered altar of Uskayaw.
  2796 | D:4      | Found a broken altar of Ashenzari.
  2916 | D:4      | Learned a level 4 spell: Hailstorm
  3278 | D:4      | Reached XP level 6. HP: 45/46 MP: 6/11
  3308 | D:4      | Found Emagi's General Store.
  3452 | D:5      | Entered Level 5 of the Dungeon
  3549 | D:5      | Reached skill level 1 in Fighting
  3607 | D:5      | Reached skill level 2 in Fighting
  3696 | D:5      | Found Uha Uqae's Antique Armour Emporium.
  3898 | D:5      | Reached skill level 3 in Fighting
  3959 | D:5      | Noticed a sky beast
  3961 | D:5      | Noticed an orc warrior
  3969 | D:5      | Killed a sky beast
  3970 | D:5      | Reached skill level 4 in Fighting
  3970 | D:5      | Reached XP level 7. HP: 53/60 MP: 3/12
  4236 | D:3      | Killed Ijyb
  4237 | D:3      | Reached skill level 5 in Fighting
  4305 | D:3      | Noticed Terence
  4315 | D:3      | Killed Terence
  4646 | D:2      | Killed Jessica
  4683 | D:2      | Reached skill level 6 in Fighting
  4929 | D:2      | Found Foikoy's Antique Armour Emporium.
  5040 | D:5      | Found an ancient bone altar of Kikubaaqudgha.
  5174 | D:5      | Reached skill level 7 in Fighting
  5330 | D:5      | Reached XP level 8. HP: 73/73 MP: 6/13
  6201 | D:6      | Reached skill level 8 in Fighting
  6264 | D:6      | Found a transporter.
  6264 | D:6      | Noticed Bunnehwyld's ghost (novice MfIE)
  6273 | D:6      | Found a transporter.
  6434 | D:6      | Noticed Maggie
  6452 | D:6      | HP: 1/75 [wight (3)]
  6452 | D:6      | Slain by an orc

Illustrated notes

Levels and vault maps discovered:
D:1:      dpeg_arrival_round_a, layout_rooms, shapermc_ecumenical_altar_gd,
          minivault_11
D:2:      layout_loops_ring, basic_altar, serial_shops, nicolae_lakefront_shop,
          uniq_jessica, uniq_robin
D:3:      layout_rooms, amcnicky_mini_rare_corridor_liquid,
          minmay_close_crescents, uniq_ijyb, uniq_terence
D:4:      layout_basic, general_overflow_altar,
          chequers_temple_overflow_minitemple, vehumet_crystals,
          minmay_temple_entry_water_ring, serial_shops, nicolae_diamond_shop
D:5:      layout_basic, overflow_temple_1_default, serial_shops, shop_coins,
          kennysheep_minor_cross
D:6:      minmay_bubble_buster, layout_basic, gammafunk_ghost_arena, uniq_maggie
Temple:   dpeg_three_leaves_temple

Skill      XL: |  1  2  3  4  5  6  7  8 |
---------------+-------------------------+-----
Spellcasting   | 2 3 4 |  4.0
Ice Magic      | 5 6 |  6.0
Fighting       | 4 7 8 |  8.7
Dodging        | |  1.7
Stealth        | |  2.1

Action                   |  1- 3 |  4- 6 |  7- 9 || total
-------------------------+-------+-------+-------++-------
Melee: Unarmed           |     6 |       |       ||     6
       Falchion          |    13 |    69 |       ||    82
       Short sword       |       |       |   129 ||   129
Throw: Stone             |    25 |     3 |     2 ||    30
 Cast: Freeze            |    32 |     6 |     9 ||    47
       Frozen Ramparts   |     9 |    19 |    25 ||    53
       Ozocubu's Armour  |       |     5 |    10 ||    15
  Use: Scroll            |       |     4 |     2 ||     6
       Potion            |       |     3 |       ||     3
 Stab: Sleeping          |       |       |     2 ||     2
Armor: Robe              |     3 |       |       ||     3
       Animal skin       |     4 |    37 |    80 ||   121
Dodge: Dodged            |    18 |    46 |   108 ||   172
       Rpst.: Falchion   |    10 |    11 |       ||    21

Table legend: (Time is in decaauts)
 A = Elapsed time spent in this place.
 B = Non-inter-level travel time spent in this place.
 C = Inter-level travel time spent in this place.
 D = Time resting spent in this place.
 E = Time spent auto-exploring this place.
 F = Levels seen in this place.
 G = Mean time per level.
                   A        B        C        D        E       F      G
               +--------+--------+--------+--------+--------+-----+--------+
         Total |   6496 |   6155 |    341 |   1651 |   2957 |   7 |  928.0 |
       Dungeon |   6393 |   6088 |    305 |   1651 |   2892 |   6 | 1065.5 |
        Temple |    103 |     67 |     36 |      0 |     65 |   1 |  103.0 |
               +--------+--------+--------+--------+--------+-----+--------+

Top non-repeatable levels by time:
     D:5: 1659 daAuts
     D:2: 1363 daAuts
     D:4: 1260 daAuts
     D:3: 939 daAuts
     D:1: 800 daAuts
     D:6: 368 daAuts
  Temple: 103 daAuts
